Blood, chaotic male elven Monk --------- |.......| |.......| ------ |..q... |....| M@Z;. |....| -@- |....| #%=+[ |....| ) ### |<...+ ### # |....| $ ### --|--- #+# # ################` ) # -.--|-# |....|# |....|# |....-# ------ Blood the Novice Experience level: 5 Strength: 17 Dexterity: 12 Constitution: 13 Intelligence: 11 Wisdom: 13 Charisma: 10 Health: 0(40) Energy: 26(26) Def: 4 Gold: 29 Moves: 1486 Dungeon seed: PhjJoXlf2f8hWd9F Game ID: Blood_1520424901 Your Inventory: Coins $ - 29 gold pieces Armor e - an uncursed +2 pair of leather gloves (being worn) q - an uncursed +0 orcish helm (being worn) Comestibles d - 5 uncursed food rations f - 4 uncursed apples g - 4 uncursed oranges B - an uncursed partly eaten lembas wafer Scrolls b - an uncursed scroll of identify Potions c - 2 uncursed potions of healing w - a potion of holy water Rings A - an uncursed ring of fire immunity Tools i - an uncursed oil lamp (0:1272) x - 6 cursed tallow candles (0:200) Spells and supernatural/magical abilities: Name Level Category Fail Memory a - force bolt 1 attack 64% 99% h - healing 1 healing 50% 98% W - pray for help -- divine ? -- Your skills at the end: Fighting Skills martial arts [Basic] wands [Basic] Weapon Skills Spellcasting Skills healing spells [Basic] Final Attributes: You were immune to sleep. You were poison resistant. You were hallucinating. You saw invisible. You had infravision. You were stealthy. You were fast. You are dead. Vanquished creatures: a gnome king 5 bugbears a shrieker 2 gnome lords a kobold lord a hobbit 3 large kobolds 5 hobgoblins 2 giant rats a yellow mold a gnome zombie 3 jackals 2 foxes 3 goblins 4 sewer rats a grid bug 6 lichens 5 newts and a partridge in a pear tree 47 creatures vanquished. Voluntary challenges: You were vegetarian. You were an atheist. You never hit with a wielded weapon. You read items or engraved 8 times, starting on turn 27. You never genocided any monsters. You never polymorphed an object. You never changed form. You used no wishes. You never split a pudding. You never wrote Elbereth's name. You never violated your personal moral code. Dungeon overview: The Dungeons of Doom: levels 1 to 5 Level 1 a fountain, a vault a long staircase Level 2 a scroll shop Level 3 an armor shop, a fountain Level 4 a long staircase Level 5 <- You were here a throne History has recorded: On T:1 you entered the Dungeons of Doom to retrieve the Amulet of Yendor! On T:315 you advanced to experience level 2. On T:379 you reached level 2 of The Dungeons of Doom. On T:779 you reached level 3 of The Dungeons of Doom. On T:965 you advanced to experience level 3. On T:1046 you reached level 4 of The Dungeons of Doom. On T:1387 you reached level 5 of The Dungeons of Doom. On T:1437 you advanced to experience level 4. On T:1455 you advanced to experience level 5. Score breakdown: Gold: 29 ( 5024 points) Experience: 5 levels (11141 points) Exploration: 5 levels ( 10.87%) ( 8944 points) Discoveries: 4 items ( 1.45%) ( 3618 points) Valuables value: (no points given unless you survive) Artifact value: 0 ( 0 points) Variety of kills: 18 monsters ( 4.74%) ( 6529 points) Turncount: 1486 turns ( 0 points) Survival: died (score multiplied by 80%) Total score: 28204 Latest messages: You kill the baby blue dragon! You enter an opulent throne room! There is a doorway here. You see here a female goblin corpse. The Nazgul hurls an effervescent potion! The carafe crashes on your head and breaks into shards. Something seems to be holding you. It must be a potion of paralysis. The vrock hits! The baby white dragon hits! The gray dragon hits! The ki-rin hits! The garter snake hits! The ogre king hits! You can move again. [5 turns] You feel better. The creeper hits! The quasit hits! The tangle tree hits! You die... Final status: Goodbye Blood the Monk, killed by a hallucinogen-distorted hobgoblin... You died in The Dungeons of Doom on dungeon level 5 with 28204 points, and 29 pieces of gold, after 1486 moves. You were level 5 with a maximum of 40 hit points when you died.